 Dungeon Crawl Stone Soup version 0.24.0-1-gfbc8707 (webtiles) character file.

Game seed: 14279682259614166914, levelgen mode: deterministic

884 Illumine the Caller (level 8, -11/46 HPs)
             Began as a Tengu Summoner on Nov 30, 2019.
             Was an Initiate of Sif Muna.
             Shot with an arrow by a centaur (14 damage)
             ... on level 6 of the Dungeon on Dec 1, 2019.
             The game lasted 00:20:01 (7262 turns).

Illumine the Caller (Tengu Summoner)                Turns: 7262, Time: 00:20:01

Health: -11/46     AC:  2    Str:  9    XL:     8   Next: 5%
Magic:  2/15       EV: 18    Int: 17    God:    Sif Muna [......]
Gold:   160        SH:  0    Dex: 15    Spells: 9/16 levels left

rFire    . . .     SeeInvis .   d - +0 hand axe
rCold    . . .     Gourm    .   (no shield)
rNeg     . . .     Faith    .   a - +0 robe
rPois    .         Spirit   .   (helmet restricted)
rElec    .         Reflect  .   (no cloak)
rCorr    .         Harm     .   (no gloves)
MR       .....                  (boots unavailable)
Stlth    ++........             (no amulet)
HPRegen  0.15/turn              (no ring)
MPRegen  0.14/turn              (no ring)

@: flying quickly and evasively, quick
A: beak, talons 3, able to fly
a: Stop Flying, Renounce Religion


You were on level 6 of the Dungeon.
You worshipped Sif Muna.
Sif Muna was noncommittal.
You were not hungry.

You visited 1 branch of the dungeon, and saw 6 of its levels.

You collected 160 gold pieces.

Inventory:

Hand Weapons
 d - a +0 hand axe (weapon)
 p - a +0 hunting sling
 r - a cursed -1 mace
Missiles
 b - 5 poisoned darts (quivered)
Armour
 a - a +0 robe (worn)
Jewellery
 i - an uncursed amulet of magic regeneration {unknown}
Wands
 o - a wand of random effects (22)
Scrolls
 g - 2 scrolls of remove curse
 h - a scroll of magic mapping
 k - a scroll of random uselessness {unknown}
 l - a scroll of teleportation
 s - a scroll of fog {unknown}
 u - a scroll of immolation {unknown}
 v - a scroll of blinking {unknown}
Potions
 e - 2 potions of heal wounds
 f - a potion of lignification {unknown}
 j - a potion of resistance {unknown}
 m - a potion of degeneration {unknown}
 n - a potion of curing {unknown}
 q - a potion of haste {unknown}
Comestibles
 c - 11 rations


   Skills:
 + Level 3.2 Fighting
 - Level 1.1 Axes
 + Level 5.3 Dodging
 - Level 2.0 Stealth
 + Level 4.6 Spellcasting
 + Level 6.2 Summonings
 + Level 3.9 Air Magic


You had 9 spell levels left.
You knew the following spells:

 Your Spells              Type           Power        Failure   Level  Hunger
a - Summon Small Mammal   Summ           ####         1%          1    None
b - Call Imp              Summ           ####....     1%          2    ##.....
c - Summon Lightning Spi  Summ/Air       ###.....     19%         4    ####...

Your spell library contained the following spells:

 Spells                   Type           Power        Failure   Level  Hunger
 Call Canine Familiar     Summ           ####....     3%          3    ###....
 Summon Guardian Golem    Hex/Summ       ##......     12%         3    ###....
 Summon Ice Beast         Ice/Summ       ##......     38%         4    ####...


Dungeon Overview and Level Annotations

Branches:
Dungeon (6/15)             Temple (0/1) D:6

Altars:
Dithmenos
Hepliaklqana
Nemelex Xobeh
Sif Muna

Shops:
D:4 ***(

Annotations:
D:6 Blork the orc


Innate Abilities, Weirdness & Mutations

You have a beak for a mouth.
You have claws for feet.
You can fly continuously.


Message History

Casting: Call Imp (safe; 1% risk of failure)
Confirm with . or Enter, or press ? or * to list all spells.
A beastly little devil appears in a puff of frigid air.
The adder misses you.
You swap places.
The adder closely misses your crimson imp.
Your crimson imp completely misses the adder. x2
The adder barely misses your crimson imp.
Your crimson imp hits the adder.
Your crimson imp barely misses the adder.
The adder closely misses your crimson imp.
Your white imp gestures at the adder.
The puff of frost hits the adder!
The adder dies!
Sif Muna accepts your kill.
The centaur shoots an arrow.
The arrow hits you!
* * * LOW HITPOINT WARNING * * *
You see here an arrow.
The centaur shoots an arrow.
The arrow hits you!
You die...

########### * #.........# ***
#...(.....# *******,,
#.........#######,*,,,,,,
#................,,,,,,,,
#...........#####,*,,,***
*#......5....#≈≈≈#,,,***
**#.......5.<..#≈≈≈#,,******
*....$....5@.(.#≈.≈#,,,,,,,,
#...>......(...#≈≈≈#,*******
#...)..........#≈≈≈#,*
**#......#.......##'##,* *
*,,,.....c.####.......,*******
*,,,,..?..#* *#.#...#,,,,,,,,
*,,,,.....,* *......,,,,****
*,,,,,###*,*****..###,,**,,,,*
*,,,,,****,,,,,,,,,,,,,*****,,


You could see a centaur, 2 friendly crimson imps and a friendly white imp.

Vanquished Creatures
  An orc warrior (D:6)
  An ogre (D:5)
  A centaur (D:5)
  A centaur skeleton (D:5)
  A hound (D:5)
  An iguana (D:6)
  4 gnolls (D:6)
  2 adders
  An orc (D:4)
  2 bats (D:2)
  3 giant cockroaches
  A hobgoblin (D:1)
  2 jackals (D:2)
  A ball python (D:2)
  4 frilled lizards
  3 rats
29 creatures vanquished.

Vanquished Creatures (collateral kills)
  An ice beast (D:5)
  A necrophage (D:2)
  2 ogres (D:5)
  A centaur (D:6)
  2 bullfrogs (D:5)
  A scorpion (D:4)
  A bullfrog zombie (D:6)
  2 hounds
  2 orc wizards (D:4)
  An iguana (D:5)
  Natasha (twice) (D:2)
  Robin (D:2)
  4 adders
  5 worms (D:2)
  A dart slug (D:3)
  5 orcs (D:4)
  2 ball pythons
  2 giant cockroaches
  13 goblins
  5 hobgoblins
  5 jackals
  A kobold (D:2)
  4 bats
  3 frilled lizards
  5 rats
72 creatures vanquished.

Grand Total: 101 creatures vanquished

Notes
Turn   | Place    | Note
-------+----------+-------------------------------------------
     0 | D:1      | Illumine the Tengu Summoner began the quest for the Orb.
     0 | D:1      | Reached XP level 1. HP: 10/10 MP: 4/4
   458 | D:1      | Reached skill level 5 in Summonings
  1073 | D:2      | Reached XP level 2. HP: 15/15 MP: 3/6
  1077 | D:2      | Learned a level 2 spell: Call Imp
  1469 | D:2      | Reached XP level 3. HP: 11/19 MP: 3/7
  1735 | D:2      | Noticed a necrophage
  1760 | D:2      | Killed a necrophage
  1760 | D:2      | Reached XP level 4. HP: 24/24 MP: 3/9
  2040 | D:2      | Noticed Robin
  2293 | D:3      | Learned a level 4 spell: Summon Lightning Spire
  2443 | D:3      | Found a sparkling altar of Nemelex Xobeh.
  2845 | D:4      | Gained mutation: You can fly continuously. [Tengu growth]
  2845 | D:4      | Reached XP level 5. HP: 11/28 MP: 7/11
  3118 | D:4      | Reached skill level 1 in Fighting
  3118 | D:4      | Reached skill level 1 in Axes
  3481 | D:4      | Found Vubueny's General Store.
  3597 | D:4      | Found Uriubb's Weapon Shop.
  3771 | D:4      | Found Askaups's Assorted Antiques.
  4107 | D:4      | Found Vaat's General Store.
  4337 | D:5      | Entered Level 5 of the Dungeon
  4348 | D:5      | Noticed an ice beast
  4626 | D:2      | Noticed Natasha
  4651 | D:2      | Reached skill level 1 in Air Magic
  4660 | D:2      | Killed Natasha
  4678 | D:2      | Noticed Natasha
  4685 | D:2      | Killed Natasha
  4685 | D:2      | Reached XP level 6. HP: 33/34 MP: 6/12
  4787 | D:2      | Killed Robin
  5050 | D:3      | Found a hazy altar of Hepliaklqana.
  5693 | D:6      | Noticed an ice beast
  6076 | D:5      | Found a shadowy altar of Dithmenos.
  6081 | D:5      | Found a shimmering blue altar of Sif Muna.
  6089 | D:5      | Became a worshipper of Sif Muna the Loreminder
  6183 | D:5      | Killed an ice beast
  6183 | D:5      | Reached XP level 7. HP: 40/40 MP: 2/14
  6452 | D:6      | Found a glowing drain.
  6452 | D:6      | Noticed Blork the orc
  6918 | D:6      | Reached skill level 5 in Dodging
  6925 | D:6      | Reached skill level 6 in Summonings
  7127 | D:6      | Found a staircase to the Ecumenical Temple.
  7182 | D:6      | Reached XP level 8. HP: 22/46 MP: 7/15
  7262 | D:6      | Shot with an arrow by a centaur

Levels and vault maps discovered:
D:1:      psy_arrival_radial01, layout_loops_cross, item_on_display_a
D:2:      layout_loops_ring, uniq_natasha, uniq_robin
D:3:      layout_rooms, marbit_many_paths, nemelex_lonely_heart_becter
D:4:      layout_loops_corners, serial_shops, kennysheep_little_box,
          nicolae_shop_behind_doors, shop, nicolae_shop_statue_plus
D:5:      layout_loops_ring, grunt_temple_overflow_open, first_ration
D:6:      layout_rooms, minmay_temple_entry_hall, gup_sewer_entry_glass,
          uniq_blork_the_orc, uniq_eustachio, uniq_pikel

Skill      XL: |  1  2  3  4  5  6  7 |
---------------+----------------------+-----
Summonings     | 5 6 |  6.2
Dodging        | 3 4 5 |  5.3
Spellcasting   | 3 4 |  4.6
Fighting       | 1 2 3 |  3.2
Axes           | 1 |  1.1
Air Magic      | 1 2 3 |  3.9
Stealth        | |  2.0

Action                   |  1- 3 |  4- 6 |  7- 9 || total
-------------------------+-------+-------+-------++-------
Melee: Hand axe          |    16 |    62 |    35 ||   113
       Kick              |     4 |     8 |     9 ||    21
       Peck              |     1 |     5 |     4 ||    10
Throw: Dart              |     7 |     3 |     2 ||    12
 Cast: Summon Small Mamm |    25 |     2 |       ||    27
       Call Imp          |    19 |    79 |    35 ||   133
       Summon Lightning  |       |       |     4 ||     4
 Abil: Fly               |       |     1 |       ||     1
  Use: Scroll            |       |     2 |     3 ||     5
       Potion            |       |     1 |     3 ||     4
 Stab: Sleeping          |       |     1 |     1 ||     2
  Eat: Chunk             |     4 |    11 |     1 ||    16
       Ration            |       |     2 |     1 ||     3
Armor: Robe              |     7 |    14 |     3 ||    24
Dodge: Dodged            |    21 |    78 |    74 ||   173
